 Dungeon Crawl Stone Soup version 0.18.1-50-g88ac8fd (webtiles) character file.

53 magog001 the Covered (level 3, 0/33 HPs)
             Began as a Minotaur Fighter on July 19, 2017.
             Slain by Sigmund
             ... wielding a +0 scythe
              (1 damage)
             ... on level 2 of the Dungeon.
             The game lasted 00:06:13 (1121 turns).

magog001 the Covered (Minotaur Fighter)             Turns: 1121, Time: 00:06:14

Health: 0/33       AC:  9    Str: 25 (28) XL:     3   Next: 64%
Magic:  2/2        EV:  6    Int:  2 (5)  God:
Gold:   51         SH:  9    Dex:  7 (9)  Spells: 0 memorised, 2 levels left

rFire  + . .     SeeInvis .     a - +0 war axe
rCold  . . .     Gourm    .     o - +0 chain mail (curse)
rNeg   . . .     Faith    .     c - +0 shield
rPois  .         Spirit   .     (helmet restricted)
rElec  .         Dismiss  .     (no cloak)
rCorr  .         Reflect  .     (no gloves)
SustAt .         Harm     .     (no boots)
MR     .....                    (no amulet)
Stlth  ..........               (no ring)
                                j - ring of protection from fire

@: mighty, exhausted, slowed, very slow, not resistant to hostile enchantments,
extremely unstealthy
A: retaliatory headbutt, horns 2, strong 1, evolution 1
a: no special abilities


You were on level 2 of the Dungeon.
You were hungry.

You visited 1 branch of the dungeon, and saw 2 of its levels.

You collected 51 gold pieces.

Inventory:

Hand Weapons
 a - a +0 war axe (weapon)
Missiles
 i - 13 poisoned needles
Armour
 c - a +0 shield (worn)
 h - a +1 ring mail of fire resistance
 o - a cursed +0 chain mail (worn)
Jewellery
 j - a ring of protection from fire (left hand)
Scrolls
 b - a scroll of enchant armour {unknown}
 g - a scroll of immolation {unknown}
 l - 3 scrolls of identify {unknown}
Comestibles
 f - 2 bread rations
 m - 5 chunks of flesh


   Skills:
 + Level 4.2 Fighting
 + Level 2.8 Axes
 + Level 4.6 Armour
 + Level 0.2 Dodging
 + Level 4.1 Shields


You had 2 spell levels left.
You didn't know any spells.

Dungeon Overview and Level Annotations

Branches:
Dungeon (2/15)

Altars:
Kikubaaqudgha

Annotations:
D:2 Sigmund


Innate Abilities, Weirdness & Mutations

You reflexively headbutt those who attack you in melee.
You have a pair of horns on your head.
Your muscles are strong. (Str +2)
You evolve.


Message History

You bump into the rock wall.
Sigmund hits you from afar with a scythe.
* * * LOW HITPOINT WARNING * * *
You aren't carrying any potions.
You're too confused!
An adder comes into view.
Sigmund breathes a few words.
Sigmund's hands start flickering wildly.
Sigmund mumbles some strange words.
Sigmund flickers and vanishes!
Deactivating autopickup; reactivate with Ctrl-A.
You closely miss something. Your headbutt misses something.
You feel less confused. Something hits you!
* * * LOW HITPOINT WARNING * * *
You block something's attack.
You closely miss something. You block something's attack.
The adder barely misses you. Something hits you.
You die...

#.# #..#.# ...
###..#.## ...
#.......# # ..##
#.......#.# ..#
##.......#. ..#
#.........
#........#
#.......{#######
#........S@....#
#.############.#
#.# #.#
##########.#
#..........#
#.########## #.#
#.#


You could see an adder.

Vanquished Creatures
  An adder (D:2)
  2 worms
  A dart slug (D:2)
  5 bats (D:1)
  8 goblins
  3 hobgoblins (D:1)
  4 jackals (D:2)
  A quokka (D:2)
  4 kobolds
  5 rats (D:2)
34 creatures vanquished.

Notes
Turn   | Place    | Note
--------------------------------------------------------------
     0 | D:1      | magog001 the Minotaur Fighter began the quest for the Orb.
     0 | D:1      | Reached XP level 1. HP: 19/19 MP: 0/0
   183 | D:1      | Reached XP level 2. HP: 24/27 MP: 1/1
   662 | D:2      | Reached XP level 3. HP: 24/33 MP: 2/2
   921 | D:2      | Found an ancient bone altar of Kikubaaqudgha.
  1103 | D:2      | Noticed Sigmund
  1109 | D:2      | Gained mutation: Your muscles are strong. (Str +2) [potion of mutation]
  1109 | D:2      | Gained mutation: You evolve. [potion of mutation]
  1119 | D:2      | HP: 1/33 [something (7)]
  1121 | D:2      | Slain by Sigmund

Skill      XL: |  1  2  3 |
---------------+----------+-----
Armour         | 4 |  4.6
Fighting       | 4 |  4.2
Shields        | 4 |  4.1
Axes           | |  2.8
Dodging        | |  0.2

Action                   || total
-------------------------++-------
Melee: War axe           ||    65
       Headbutt          ||     9
  Use: Potion            ||     4
  Eat: Chunk             ||     1
Armor: Scale mail        ||     1
       Ring mail         ||    29
       Chain mail        ||     2
Dodge: Dodged            ||    24
Block: Shield            ||    54
